Map: Terraform LE (Void)

Players

lrgotmilk - Winner!

  • Race: Protoss Protoss
  • League: Bronze

LizardWizard - Winner!

  • Race: Protoss Protoss
  • League: Grandmaster

wabbajack

  • Race: Zerg Zerg
  • League: Bronze

IWishIWasTLO

  • Race: Zerg Zerg
  • League: Grandmaster

VOD

Have the link to the VOD?

Description

Time

  • Played on: July 16, 2015, 2 p.m.
  • Length: 19:39
Show
View Real Time Build Order
Export as new Build Order

lrgotmilk Protoss - Winner!

Build Orders: Mass Adepts 

Get SALT Encoding   

  12  0:01  Probe  
  13  0:15  Pylon  
  13  0:17  Probe  
  14  0:33  Probe (Chrono Boost)  
  15  0:35  Gateway  
  15  0:41  Assimilator  
  15  0:45  Probe (Chrono Boost)  
  16  0:55  Probe (Chrono Boost)  
  17  0:57  Pylon  
  17  1:02  Probe  
  18  1:14  Assimilator  
  18  1:15  Probe  
  19  1:23  Zealot  
  21  1:27  Probe  
  22  1:39  Probe  
  23  1:44  Cybernetics Core  
  23  1:51  Probe  
  24  2:00  Gateway  
  24  2:02  Gateway  
  24  2:20  Warp Gate (Chrono Boost)  
  24  2:28  Probe  
  25  2:37  Gateway  
  25  2:39  Pylon  
  25  2:42  Pylon  
  25  2:52  Adept x2  
  25  2:55  Probe  
  25  2:57  Adept  
  32  3:07  Probe  
  33  3:15  Pylon  
  33  3:19  Probe  
  34  3:24  Adept x2  
  38  3:29  Adept  
  40  3:45  Pylon  
  40  4:15  Adept  
  40  4:16  Adept x3  
  48  4:30  Probe  
  49  4:37  Stalker x4  
  57  5:04  Adept x2  
  61  5:18  Pylon  
  59  5:21  Pylon  
  59  5:25  Pylon  
  59  5:28  Pylon  
  43  5:51  Adept x2  
  43  5:52  Adept x2  
  47  6:06  Probe  
  48  6:19  Probe  
  48  6:21  Nexus  
  47  6:27  Forge  
  47  6:29  Forge  
  47  6:31  Assimilator  
  43  6:34  Assimilator  
  41  6:49  Stalker x4  
  41  7:16  Adept x4  
  49  7:24  Probe  
  48  7:36  Probe x2  
  48  7:45  Probe  
  48  7:48  Probe  
  44  7:57  Probe  
  45  8:00  Stalker x3  
  51  8:09  Probe  
  51  8:10  Pylon  
  52  8:20  Probe  
  53  8:29  Probe  
  50  8:38  Probe  
  49  8:42  Probe, Protoss Ground Weapons Level 1 (Chrono Boost), Pylon  
  49  8:43  Protoss Ground Armor Level 1 (Chrono Boost)  
  49  8:44  Pylon  
  48  8:49  Stalker  
  48  8:50  Stalker, Probe  
  54  9:06  Probe (Chrono Boost)  
  54  9:09  Mothership Core (Chrono Boost)  
  56  9:13  Pylon  
  56  9:15  Probe (Chrono Boost)  
  57  9:25  Probe x2  
  57  9:28  Pylon  
  59  9:37  Probe  
  59  9:38  Probe  
  61  9:54  Stalker x4, Probe x2  
  71  10:02  Twilight Council  
  71  10:06  Probe x2  
  73  10:18  Probe  
  67  10:39  Blink (Chrono Boost)  
  65  10:49  Protoss Ground Weapons Level 2 (Chrono Boost)  
  65  10:50  Protoss Ground Armor Level 2 (Chrono Boost)  
  65  10:57  Robotics Facility  
  65  11:01  Stalker x2  
  65  11:02  Stalker x2  
  73  11:25  Stalker  
  75  11:26  Stalker x3  
  75  11:27  Nexus  
  75  11:28  Probe x2, Pylon  
  83  11:52  Observer (Chrono Boost)  
  84  11:57  Robotics Bay  
  84  11:59  Probe x2  
  85  12:08  Stalker x4  
  94  12:18  Immortal (Chrono Boost)  
  97  12:30  Pylon  
  97  12:34  Pylon  
  97  12:36  Probe x2  
  99  12:39  Probe  
  99  12:41  Assimilator  
  99  12:43  Assimilator  
  100  12:49  Protoss Ground Weapons Level 3 (Chrono Boost)  
  100  12:52  Protoss Ground Armor Level 3 (Chrono Boost)  
  100  12:58  Dark Shrine  
  100  13:02  Extended Thermal Lance (Chrono Boost)  
  100  13:12  Colossus (Chrono Boost)  
  106  13:21  Sentry x4  
  114  13:56  Zealot x2  
  114  13:57  Zealot x2  
  114  13:59  Charge  
  122  14:08  Probe x3  
  125  14:12  Photon Cannon  
  125  14:13  Photon Cannon  
  125  14:16  Photon Cannon  
  125  14:17  Photon Cannon  
  125  14:21  Photon Cannon  
  125  14:27  Colossus  
  131  14:42  Dark Templar x2  
  131  14:43  Dark Templar  
  131  14:44  Dark Templar  
  139  15:21  Stalker x2  
  141  15:22  Stalker x2  
  147  15:45  Nexus  
  147  15:46  Pylon  
  147  15:47  Zealot x4  
  147  15:49  Pylon  
  147  15:59  Gateway  
  147  16:01  Gateway  
  147  16:04  Colossus (Chrono Boost)  
  147  16:05  Gateway  
  147  16:10  Pylon  
  153  16:21  Dark Templar x4  
  153  16:55  Colossus (Chrono Boost)  
  159  17:02  Pylon  
  159  17:06  Zealot x3  
  159  17:07  Zealot x4  
  173  17:12  Colossus x2 (Chrono Boost)  
  173  17:13  Colossus x2 (Chrono Boost)  
  172  17:16  Protoss Shields Level 1 (Chrono Boost)  
  135  17:40  Zealot x5  
  135  17:41  Zealot x2  
  149  17:48  Observer (Chrono Boost)  
  148  18:27  Zealot x7  
  156  18:51  Zealot x6  
  156  18:52  Zealot  
  171  18:56  Observer (Chrono Boost)  
  175  19:18  Zealot x2  
  175  19:19  Zealot x3  
Show
View Real Time Build Order
Export as new Build Order

LizardWizard Protoss - Winner!

Build Orders:  

Get SALT Encoding   

  12  0:04  Drone  
  13  0:11  Drone  
  14  0:28  Spawning Pool  
  14  0:31  Drone  
  14  0:37  Extractor  
  14  0:39  Drone  
  14  0:44  Overlord  
  14  1:05  Drone x2  
  16  1:27  Hatchery  
  15  1:35  Queen  
  15  1:39  Drone  
  18  1:47  Metabolic Boost  
  18  1:53  Overlord  
  18  1:58  Zergling x2  
  19  2:02  Zergling x2  
  20  2:14  Zergling x2  
  21  2:18  Queen  
  24  2:37  Drone x2  
  24  2:39  Drone  
  24  2:42  Queen  
  28  2:55  Drone  
  29  3:01  Zergling x6, Extractor  
  31  3:14  Roach Warren  
  31  3:15  Drone  
  31  3:22  Overlord  
  30  3:53  Drone x3  
  33  3:56  Roach  
  33  3:57  Roach x2  
  33  4:01  Drone x2  
  41  4:04  Drone  
  42  4:15  Evolution Chamber  
  41  4:18  Evolution Chamber  
  41  4:21  Drone x2  
  42  4:28  Drone  
  42  4:31  Overlord  
  43  4:58  Pneumatized Carapace  
  43  4:59  Baneling Nest  
  39  5:18  Zergling x2  
  39  5:19  Roach, Zergling x18  
  51  5:23  Overlord  
  51  5:26  Overlord  
  41  5:55  Roach x4, Zergling x2  
  41  5:56  Zergling x8  
  47  6:04  Drone  
  47  6:10  Ravager x3  
  51  6:14  Queen  
  48  6:34  Roach  
  48  6:35  Roach x2  
  48  6:36  Roach x2  
  51  6:57  Drone x3  
  53  7:02  Zergling x2  
  53  7:03  Zergling x10  
  57  7:12  Drone x2  
  50  7:28  Spine Crawler  
  45  7:37  Burrow  
  41  7:57  Zergling x2  
  41  7:58  Roach x4  
  46  8:15  Spine Crawler  
  42  9:02  Hatchery  
  41  9:03  Zerg Missile Weapons Level 1, Zerg Ground Armor Level 1  
  41  9:20  Spine Crawler  
  41  9:22  Spine Crawler  
  39  9:37  Drone x4  
  43  10:00  Drone x6, Queen  
  43  10:04  Drone  
  52  10:31  Drone x2  
  52  10:32  Drone x3  
  57  10:40  Drone x8  
  57  10:42  Drone  
  60  10:50  Overlord  
  60  11:09  Lair  
  60  11:18  Zergling x14  
  63  11:24  Hatchery  
  67  11:59  Overlord x3  
  67  12:00  Hatchery, Overlord x3  
  64  12:20  Hydralisk Den  
  63  12:32  Extractor  
  63  12:34  Drone x6, Extractor  
  63  12:35  Drone  
  68  13:30  Queen  
  68  13:31  Drone x2  
  72  13:41  Spine Crawler  
  72  13:42  Spine Crawler  
  72  13:44  Spine Crawler  
  72  13:45  Spine Crawler  
  68  13:49  Hatchery  
  68  13:50  Drone  
  68  13:51  Drone  
  68  13:54  Lurker Den  
  69  14:14  Zerg Ground Armor Level 2, Zerg Missile Weapons Level 2  
  69  14:24  Infestation Pit  
  68  14:37  Drone  
  68  14:38  Drone x3  
  72  15:18  Overseer  
  70  15:25  Lair  
  70  15:30  Lair  
  68  15:41  Spore Crawler  
  68  15:42  Spine Crawler  
  66  15:43  Spore Crawler, Spine Crawler  
  66  15:44  Spore Crawler, Hydralisk x13  
  66  15:45  Hydralisk x6  
  99  15:52  Muscular Augments  
  99  15:58  Drone x3  
  99  15:59  Drone  
  118  16:27  Lurker x3  
  121  17:00  Overlord  
  121  17:01  Overlord x14  
  60  17:56  Queen  
  52  18:07  Roach x8  
  52  18:08  Roach x6, Zergling x4  
  52  18:09  Zergling x4  
  82  18:13  Roach  
  82  18:19  Roach x2  
  78  18:20  Drone x5  
  78  18:22  Roach  
  37  19:07  Drone x10  
  37  19:08  Drone x2  
Show
View Real Time Build Order
Export as new Build Order

wabbajack Zerg 

Build Orders:  

Get SALT Encoding   

Show
View Real Time Build Order
Export as new Build Order

IWishIWasTLO Zerg 

Build Orders:  

Get SALT Encoding   

Tags
 
Add a new tag
Caveats
  • Supply blocks, unpowered buildings, or Contaminate may cause inaccurate times.
  • Supply counts are checked every 10 seconds.